Map: Orbital Shipyard

Players

capac

  • Race: Terran Terran
  • League: Gold

Szamaël - Winner!

  • Race: Terran Terran
  • League: Gold

VOD

Have the link to the VOD?

Description

Time

  • Played on: Feb. 23, 2016, 2:08 p.m.
  • Length: 18:18
Show
View Real Time Build Order
Export as new Build Order

capac Terran 

Build Orders: MMM Bio 

Get SALT Encoding   

  12  0:01  SCV  
  13  0:13  SCV  
  14  0:18  Supply Depot  
  14  0:25  SCV  
  15  0:40  SCV  
  15  0:41  Barracks  
  16  0:52  SCV  
  17  1:04  SCV  
  18  1:13  Refinery  
  18  1:16  SCV  
  19  1:28  SCV  
  20  1:32  Marine  
  20  1:39  Command Center  
  21  1:43  Supply Depot  
  21  1:45  SCV  
  22  1:50  Marine  
  23  2:05  SCV  
  24  2:22  Factory  
  24  2:26  Orbital Command  
  23  2:42  Barracks Reactor  
  23  2:48  Refinery  
  23  2:53  Barracks  
  23  2:56  SCV  
  24  3:00  Engineering Bay  
  24  3:03  Orbital Command  
  24  3:08  Factory Tech Lab, SCV  
  25  3:20  Marine x2  
  25  3:22  SCV  
  28  3:36  SCV x2  
  28  3:37  Missile Turret  
  28  3:38  Marine x2  
  32  3:46  Starport  
  32  3:49  SCV x2  
  34  3:55  Siege Tank  
  37  4:03  SCV x2  
  37  4:07  Barracks Tech Lab  
  39  4:16  Missile Turret  
  39  4:17  SCV x2  
  39  4:20  Marine x2  
  39  4:22  Terran Infantry Weapons Level 1  
  43  4:30  Supply Depot  
  43  4:32  Siege Tank  
  46  4:39  Refinery  
  46  4:49  Starport Reactor  
  46  4:51  SCV x2  
  46  4:52  Barracks  
  48  4:53  Marine x3  
  48  4:58  Stimpack  
  51  5:00  Supply Depot  
  51  5:03  SCV x2  
  51  5:05  Refinery  
  52  5:34  Marine  
  52  5:35  Marine x2  
  55  5:38  Siege Tank  
  55  5:40  Barracks Reactor  
  55  5:42  Barracks  
  58  5:46  Medivac  
  60  6:03  Marine x2  
  62  6:05  Missile Turret  
  62  6:08  Supply Depot  
  62  6:18  Terran Infantry Armor Level 1  
  62  6:20  Armory  
  62  6:27  Missile Turret  
  62  6:29  Marine x3  
  62  6:30  SCV x2  
  62  6:31  Barracks Reactor  
  67  6:44  SCV x2  
  69  6:47  Marine  
  69  6:53  Missile Turret  
  70  6:56  Supply Depot  
  70  7:01  Supply Depot  
  70  7:05  Combat Shields  
  70  7:17  Marine x4, Medivac x2  
  70  7:18  Supply Depot, Engineering Bay  
  78  7:31  Missile Turret  
  78  7:33  Supply Depot  
  78  7:41  Command Center  
  78  7:59  Marine x2  
  80  8:06  Marine x5  
  85  8:18  Terran Infantry Weapons Level 2, Terran Infantry Armor Level 2  
  85  8:19  Starport  
  85  8:20  Terran Vehicle Weapons Level 1  
  85  8:25  Supply Depot  
  85  8:28  Supply Depot, SCV x2  
  87  8:43  SCV x2  
  87  8:47  Marine x7  
  96  8:51  Supply Depot  
  96  8:54  Medivac x2  
  96  8:55  SCV x2  
  102  8:57  Siege Tank  
  102  9:12  Missile Turret  
  102  9:13  SCV  
  102  9:14  SCV  
  102  9:15  Starport Reactor  
  104  9:17  Supply Depot  
  104  9:23  Missile Turret  
  104  9:29  Siege Tank  
  104  9:30  Marine x2  
  109  9:40  Supply Depot  
  109  9:48  SCV x2  
  111  10:00  SCV x2  
  113  10:12  SCV x2  
  115  10:24  Viking x4  
  122  10:39  Siege Tank  
  115  10:54  Viking x3  
  114  11:11  Marine  
  114  11:12  Marine  
  116  11:20  Marine x3  
  116  11:21  Marine x2  
  116  11:22  Siege Tank  
  124  11:32  Orbital Command  
  124  11:36  Medivac x2  
  124  11:37  Viking  
  130  11:48  Missile Turret  
  133  11:54  Siege Tank  
  133  12:02  Missile Turret  
  133  12:04  Command Center  
  133  12:06  SCV  
  133  12:07  SCV x2  
  136  12:19  SCV  
  137  12:34  Medivac x3  
  137  12:36  Siege Tank  
  142  12:53  Marine x2  
  142  12:54  Marine x5  
  149  13:11  Marine x3  
  139  13:14  Liberator x2  
  139  13:15  Liberator  
  141  13:40  Marine x2  
  141  13:41  Marine x5  
  148  13:58  Marine x2  
  148  14:00  Missile Turret  
  140  15:24  Marine x5  
  140  15:25  Marine x2  
  140  15:26  Siege Tank  
  146  15:42  Marine x2  
  138  15:58  Siege Tank  
  135  16:24  Marine x6  
  135  16:25  Marine  
  142  16:41  Marine  
  143  16:50  Orbital Command  
  143  16:51  Marine x3  
  143  16:52  Marine x3  
  149  17:25  Refinery  
  149  17:27  Refinery  
  149  17:30  Supply Depot x2  
  149  17:32  Supply Depot  
  149  17:33  Marine x2  
  149  17:34  Marine x5, SCV x3, Medivac x3  
  165  17:46  SCV x2  
  141  17:51  Marine  
  141  17:52  Marine x2  
Show
View Real Time Build Order
Export as new Build Order

Szamaël Terran - Winner!

Build Orders:  

Get SALT Encoding   

  12  0:00  SCV  
  13  0:13  SCV  
  14  0:18  Supply Depot  
  14  0:25  SCV  
  15  0:39  SCV  
  15  0:42  Barracks  
  16  0:47  Refinery  
  16  0:51  SCV  
  17  1:04  SCV  
  18  1:16  SCV  
  19  1:29  Marine, Orbital Command  
  20  1:42  Command Center  
  20  1:48  Marine  
  21  1:57  Factory  
  21  2:10  Barracks Reactor  
  21  2:14  SCV  
  22  2:16  Refinery  
  22  2:18  Supply Depot  
  22  2:26  SCV  
  23  2:39  SCV  
  23  2:44  Factory Tech Lab  
  24  2:46  Marine  
  24  2:47  Marine  
  26  2:51  SCV  
  26  2:55  Orbital Command  
  27  3:03  SCV  
  27  3:04  Marine x2  
  30  3:16  SCV  
  31  3:20  Starport  
  31  3:23  SCV  
  31  3:26  Marine x2, Factory Reactor  
  34  3:28  SCV  
  35  3:35  SCV  
  35  3:40  SCV  
  37  3:46  Supply Depot  
  37  3:47  SCV  
  38  3:51  Marine x2  
  38  3:52  Supply Depot, SCV  
  41  3:56  Medivac  
  41  3:59  SCV  
  41  4:02  Hellion  
  46  4:08  Barracks, Hellion  
  48  4:14  Barracks  
  48  4:15  Marine x2  
  50  4:24  SCV x2  
  50  4:25  Supply Depot  
  52  4:36  SCV  
  53  4:46  Command Center  
  53  4:47  SCV  
  53  4:48  SCV  
  55  4:53  Factory Tech Lab  
  55  4:56  Starport Reactor  
  56  5:00  SCV x2  
  57  5:11  Barracks  
  57  5:12  SCV x2  
  57  5:13  Barracks  
  59  5:15  Marine  
  59  5:16  Marine x4  
  64  5:24  SCV  
  65  5:32  Engineering Bay  
  65  5:33  Marine  
  65  5:35  Engineering Bay  
  66  5:36  Marine x2  
  66  5:37  Supply Depot x2  
  66  5:39  Marine  
  69  5:43  Refinery  
  69  5:46  Refinery  
  69  5:52  Marine  
  70  5:57  Marine  
  70  5:58  Supply Depot  
  70  5:59  Supply Depot  
  70  6:03  Marine  
  72  6:04  Missile Turret  
  72  6:05  Barracks Reactor  
  72  6:06  Missile Turret  
  72  6:08  Stimpack  
  72  6:14  SCV x2  
  72  6:17  Marine  
  72  6:18  Marine  
  76  6:19  Barracks Reactor  
  76  6:26  SCV x2  
  78  6:37  Marine x5  
  78  6:38  Terran Infantry Weapons Level 1, Terran Infantry Armor Level 1, SCV  
  82  6:40  SCV  
  83  6:50  SCV  
  83  6:52  SCV  
  85  6:54  Marine  
  85  6:55  Marine x4, Missile Turret  
  85  6:58  Marine x2  
  85  6:59  Marine, Siege Tank, Missile Turret  
  85  7:01  Medivac x2  
  100  7:06  Armory  
  100  7:10  Supply Depot, SCV  
  100  7:13  SCV  
  100  7:14  Orbital Command  
  102  7:28  Marine x9  
  111  7:31  Siege Tank  
  114  7:40  SCV x3  
  114  7:41  Factory  
  117  7:45  Marine  
  118  7:52  SCV  
  119  8:10  Marine  
  119  8:11  Marine x5  
  125  8:19  Supply Depot  
  125  8:20  Supply Depot x2  
  125  8:28  Command Center  
  125  8:30  Missile Turret  
  125  8:33  Missile Turret  
  125  8:34  Factory Tech Lab, Missile Turret  
  125  8:35  Marine x4, Siege Tank, SCV  
  125  8:38  Marine x2  
  125  8:40  Terran Infantry Weapons Level 2, Marine x3, SCV x2  
  136  8:41  Terran Infantry Armor Level 2  
  136  8:46  Refinery  
  136  8:48  Medivac x2  
  140  8:53  Refinery  
  140  9:05  Marine x2  
  140  9:06  Marine x7  
  140  9:07  Siege Tank  
  152  9:18  Medivac  
  152  9:23  Marine x3  
  157  9:32  Supply Depot  
  157  9:33  Supply Depot  
  157  9:34  Supply Depot, Marine x6  
  157  9:35  Supply Depot  
  157  9:36  Medivac  
  165  9:39  Siege Tank x2  
  171  9:48  Medivac  
  173  10:08  Marine  
  173  10:09  Marine x6  
  173  10:10  Medivac  
  173  10:11  Siege Tank x2  
  187  10:17  Medivac  
  187  10:19  Marine x2  
  187  10:26  Marine x2  
  187  10:27  Marine x2  
  191  10:29  Marine x2  
  193  10:43  Siege Tank x2  
  181  10:59  Marine x2  
  163  11:06  Medivac x2  
  163  11:09  SCV x3, Orbital Command  
  166  11:15  Siege Tank  
  169  11:19  Marine x4  
  169  11:20  Marine x3  
  169  11:21  Terran Infantry Armor Level 3, Terran Infantry Weapons Level 3  
  169  11:22  SCV x2  
  169  11:23  SCV  
  179  11:29  Marine x2  
  179  11:31  Siege Tank  
  184  11:34  SCV  
  184  11:35  SCV x2  
  184  11:36  Medivac x2  
  191  11:44  Orbital Command  
  191  11:45  Marine x5  
  191  11:46  Marine  
  197  11:48  Siege Tank  
  197  11:50  Sensor Tower  
  200  12:07  Sensor Tower  
  200  12:26  Missile Turret  
  200  12:28  Missile Turret  
  200  12:59  Command Center  
  200  13:00  Command Center  
  189  13:20  Marine  
  189  13:21  Viking x2  
  194  13:27  Terran Vehicle Weapons Level 1  
  194  13:51  Viking x2, Refinery  
  194  13:53  Refinery  
  193  14:39  Marine x2  
  193  14:40  Marine  
  195  14:55  Marine x2  
  195  14:56  Siege Tank x2  
  195  14:57  Medivac  
  192  15:27  Marine x3  
  193  15:28  Siege Tank x2  
  126  16:20  Liberator  
  126  16:21  Liberator  
  126  16:22  Marine  
  126  16:23  Marine x8  
  135  16:28  Orbital Command  
  135  16:36  Siege Tank  
  135  16:37  Siege Tank  
  147  16:40  Marine  
  147  16:41  Marine x8  
  147  16:43  Sensor Tower  
  147  16:45  Barracks  
  147  16:46  Missile Turret  
  156  16:47  Barracks  
  156  16:48  Starport  
  156  16:50  Barracks  
  156  16:54  Barracks, Missile Turret  
  156  16:57  Orbital Command  
  156  16:58  Marine x2, Missile Turret  
  156  16:59  Marine x7  
  165  17:07  Liberator x2  
  165  17:09  Siege Tank  
  168  17:19  Marine x4  
  168  17:20  Marine x5  
  168  17:21  Siege Tank  
  186  17:37  Marine x9  
  186  17:41  Siege Tank  
  198  17:48  Command Center  
  198  17:49  Command Center  
  198  17:51  Sensor Tower  
  169  17:57  Marine x9  
Tags
 
Composition
MMM Bio
League
GoldGold
Matchup
TvT
Race
Terran
Add a new tag
Caveats
  • Supply blocks, unpowered buildings, or Contaminate may cause inaccurate times.
  • Supply counts are checked every 10 seconds.